 Dungeon Crawl Stone Soup version 0.29.1-12-g30fa7ad0bf (webtiles) character file.

Game seed: 3440075657977014356

100 wormed the Trooper (level 4, -5/29 HPs)
             Began as a Gargoyle Fighter on Dec 20, 2022.
             Blown up by Ijyb (7 damage)
             ... with a mindburst bolt
             ... on level 3 of the Dungeon.
             The game lasted 00:04:54 (3482 turns).

wormed the Trooper (Gargoyle Fighter)               Turns: 3482, Time: 00:04:55

Health: -5/29      AC: 17    Str: 22    XL:     4   Next: 74%
Magic:  4/4        EV:  9    Int:  8    God:
Gold:   144        SH:  4    Dex:  9    Spells: 3/3 levels left

rFire   . . .      SeeInvis .   f - +0 whip
rCold   . . .      Faith    .   c - +0 buckler
rNeg    + . .      Spirit   .   b - +0 scale mail
rPois   ∞          Reflect  .   n - +0 helmet
rElec   +          Harm     .   g - +2 cloak {rCorr}
rCorr   +          Rampage  .   i - +1 pair of gloves
Will    .....                   (no boots)
Stlth   ..........              (no amulet)
HPRegen 0.09/turn               (no ring)
MPRegen 0.09/turn               (no ring)

@: mighty
A: sickness immunity, AC +3, negative energy resistance 1, electricity
resistance, torment resistance 1, petrification resistance
a: no special abilities


You were on level 3 of the Dungeon.
You visited 1 branch of the dungeon, and saw 3 of its levels.

You collected 144 gold pieces.

Inventory:

Hand Weapons
 f - a +0 whip (weapon)
Armour
 b - a +0 scale mail (worn)
 c - a +0 buckler (worn)
 g - a +2 cloak of preservation (worn)
 i - a +1 pair of gloves (worn)
 n - a +0 helmet (worn)
Scrolls
 a - a scroll of teleportation
 e - 4 scrolls of identify
 h - 2 scrolls of vulnerability
 m - a scroll of torment {unknown}
 p - a scroll of amnesia {unknown}
Potions
 j - a potion of cancellation {unknown}
 k - a potion of magic {unknown}
 l - 2 potions of curing
 o - a potion of lignification {unknown}
 q - a potion of heal wounds {unknown}


   Skills:
 + Level 3.9 Fighting
 * Level 3.4 Maces & Flails
 + Level 3.9 Armour
 + Level 3.9 Shields


You had 3 spell levels left.
You didn't know any spells.
Your spell library contained the following spells:

 Spells                   Type           Power      Damage    Failure   Level
 Blink                    Tloc           0%         N/A       91%         2
 Gell's Gravitas          Tloc           0%         N/A       99%         3
 Lesser Beckoning         Tloc           0%         N/A       99%         3
 Monstrous Menagerie      Summ           0%         N/A       100%        7


Dungeon Overview and Level Annotations

Branches:
Dungeon (3/15)

Altars:

Annotations:
D:3 Ijyb


Innate Abilities, Weirdness & Mutations

You are immune to sickness and miasma.
Your stone body is resilient. (AC +3)
You are immune to poison.
You resist negative energy. (rN+)
You are resistant to electric shocks. (rElec)
You are resistant to unholy torment.
You are immune to petrification.


Message History

You hit Ijyb but do no damage.
Ijyb is lightly wounded.
Ijyb closely misses you.
You closely miss Ijyb.
Ijyb is lightly wounded.
Ijyb hits you with a +0 club.
You closely miss Ijyb.
Ijyb is lightly wounded.
You hit Ijyb.
Ijyb is moderately wounded.
Ijyb barely misses you.
You hit Ijyb but do no damage.
Ijyb is moderately wounded.
Ijyb zaps a wand.
Your mind is blasted!
You are too injured to fight recklessly!
You are too injured to fight recklessly!
You are too injured to fight recklessly!
You are too injured to fight recklessly!
You are too injured to fight recklessly!
You are too injured to fight recklessly!
You are too injured to fight recklessly!
You are too injured to fight recklessly!
You are too injured to fight recklessly!
You feel very mighty all of a sudden. Ijyb closely misses you.
You whack Ijyb!
Ijyb is almost dead.
Ijyb hits you but does no damage.
You closely miss Ijyb.
Ijyb is almost dead.
Ijyb screams, "I cut your head off!" You block Ijyb's attack.
You hit Ijyb.
Ijyb is almost dead.
Ijyb zaps a wand.
Your mind is blasted!
* * * LOW HITPOINT WARNING * * *
You barely miss Ijyb.
Ijyb is almost dead.
Ijyb zaps a wand.
Your mind is blasted!
You die...

#................########.#
##.#####......#...........# ###
##........#.########
#.....#.##.# #.....#.##.#
###<###.##.# #........#
#####.#### #@# ######g###
##........# ##########
#.........# #........#
##.#8.)...8# #.######.#
####..#.).....#####.#### #.#
#.....#8.....8#........###.#
####.....#.......#####.##...#.#
#.......##8.....8# #.#......#


You could see Ijyb.

Vanquished Creatures
  2 adders
  3 worms
  2 orcs (D:3)
  2 bats
  6 endoplasms
  2 giant cockroaches
  12 goblins
  11 hobgoblins
  2 jackals (D:2)
  5 kobolds
  4 quokkas
  3 ball pythons
  2 frilled lizards (D:1)
  7 rats
63 creatures vanquished.

Notes
Turn   | Place    | Note
-------+----------+-------------------------------------------
     0 | D:1      | wormed the Gargoyle Fighter began the quest for the Orb.
     0 | D:1      | Reached XP level 1. HP: 14/14 MP: 1/1
    10 | D:1      | Got Sif Muna's Catalogue of the United Voyage
   194 | D:1      | Reached XP level 2. HP: 12/19 MP: 2/2
   598 | D:1      | Reached XP level 3. HP: 22/23 MP: 3/3
  1868 | D:2      | Reached XP level 4. HP: 29/29 MP: 4/4
  2114 | D:2      | Found a faded altar of an unknown god.
  3057 | D:3      | Noticed Ijyb
  3482 | D:3      | Blown up by Ijyb

Illustrated notes

Levels and vault maps discovered:
D:1:      dpeg_arrival_snail, layout_basic
D:2:      layout_basic, shapermc_ecumenical_altar_ellora
D:3:      kennysheep_the_goblin_king, layout_loops_corners

Skill      XL: |  1  2  3 |
---------------+----------+-----
Maces & Flails | 3 |  3.4
Fighting       | |  3.9
Armour         | |  3.9
Shields        | |  3.9

Action                   |  1- 3 |  4- 6 || total
-------------------------+-------+-------++-------
Melee: Flail             |    15 |       ||    15
       Whip              |   139 |   128 ||   267
  Use: Scroll            |     2 |     1 ||     3
       Potion            |       |     2 ||     2
Armor: Scale mail        |    58 |    77 ||   135
Dodge: Dodged            |    68 |    62 ||   130
Block: Buckler           |    28 |    17 ||    45
